 Dungeon Crawl Stone Soup version 0.27-a0-75-g9f9dfd16e9 (webtiles) character file.

Game seed: 7108773234076889912

2 tatocazan the Magician (level 1, 13/13 HPs)
             Began as a Gnoll Wanderer on Jan 10, 2021.
             Got out of the dungeon alive.
             The game lasted 00:01:27 (294 turns).

tatocazan the Magician (Gnoll Wanderer)              Turns: 294, Time: 00:01:27

Health: 13/13      AC:  2    Str: 12    XL:     1   Next: 30%
Magic:  8/8        EV: 11    Int: 15    God:
Gold:   0          SH:  0    Dex: 15    Spells: 14/14 levels left

rFire    . . .     SeeInvis .   a - +0 dagger
rCold    . . .     Faith    .   (no shield)
rNeg     . . .     Spirit   .   d - +0 robe
rPois    .         Reflect  .   (no helmet)
rElec    .         Harm     .   (no cloak)
rCorr    .         Rampage  .   (no gloves)
Will     .....                  (no boots)
Stlth    ++........             (no amulet)
HPRegen  0.04/turn              (no ring)
MPRegen  0.11/turn              (no ring)

@: no status effects
A: distributed training, fangs 1, strong nose
a: no special abilities


You escaped.
You visited 1 branch of the dungeon, and saw 1 of its levels.

Inventory:

Hand Weapons
 a - a +0 dagger (weapon)
Armour
 d - a +0 robe (worn)
Wands
 c - a wand of random effects (15) (quivered)
Potions
 b - a potion of flight {unknown}


   Skills:
 + Level 0.0 Fighting
 + Level 0.0 Short Blades
 + Level 0.0 Long Blades
 + Level 0.0 Axes
 + Level 0.0 Maces & Flails
 + Level 0.0 Polearms
 + Level 0.0 Staves
 + Level 0.0 Slings
 + Level 0.0 Bows
 + Level 0.0 Crossbows
 + Level 0.0 Throwing
 + Level 0.0 Armour
 + Level 0.0 Dodging
 + Level 2.1 Stealth
 + Level 0.0 Shields
 + Level 0.0 Unarmed Combat
 + Level 7.0 Spellcasting
 + Level 0.0 Conjurations
 + Level 0.0 Hexes
 + Level 0.0 Summonings
 + Level 0.0 Necromancy
 + Level 0.0 Translocations
 + Level 1.9 Transmutations
 + Level 0.0 Fire Magic
 + Level 0.0 Ice Magic
 + Level 0.0 Air Magic
 + Level 7.0 Earth Magic
 + Level 0.0 Poison Magic
 + Level 0.1 Invocations
 + Level 2.3 Evocations


You had 14 spell levels left.
You didn't know any spells.
Your spell library contained the following spells:

 Spells                   Type           Power        Failure   Level
 Sandblast                Erth           52%          1%          1
 Passwall                 Tmut/Erth      15%          3%          2
 Sting                    Tmut/Pois      32%          9%          1
 Stone Arrow              Conj/Erth      30%          10%         3
 Petrify                  Tmut/Erth      18%          21%         4
 Lee's Rapid Deconstruct  Erth           13%          21%         5
 Ignite Poison            Fire/Tmut/Pois 7%           30%         3


Dungeon Overview and Level Annotations

Branches:
Dungeon (1/15)

Altars:


Innate Abilities, Weirdness & Mutations

Your experience applies equally to all skills.
You have very sharp teeth.
Your uncanny sense of smell can sniff out nearby items.


Message History

You see here a ball python corpse.
The frilled lizard barely misses you.
Found a pink potion.
You hit the frilled lizard.
You kill the frilled lizard!
You see here a frilled lizard corpse.
You see here a ball python corpse.
Welcome back, tatocazan the Gnoll Wanderer.
Press ? for a list of commands and other information.
You start resting.
You start resting.
HP restored.
Health restored: 13 You see here a bat skeleton.
There is a large open door here.
There is a large open door here.
There is a large open door here.
There is a staircase leading out of the dungeon here.
Are you sure you want to leave the Dungeon?
This will make you lose the game!
You have escaped!

#####..#''#..###...#
....##..##........
#######''####.#..
#......# .# #.§≈≈≈.#
# #.≈≈≈≈.# #......#
###''### ∆ #@.# ####
∆


There were no monsters in sight!

Vanquished Creatures
  A ball python (D:1)
  A bat (D:1)
  A frilled lizard (D:1)
3 creatures vanquished.

Notes
Turn   | Place    | Note
-------+----------+-------------------------------------------
     0 | D:1      | tatocazan the Gnoll Wanderer began the quest for the Orb.
     0 | D:1      | tatocazan set off with the following items: a +0 dagger, a
                  | wand of random effects (15), a +0 robe; and the following
                  | spells available to memorise: Sandblast, Passwall, Sting,
                  | Stone Arrow, Petrify, Lee's Rapid Deconstruction, Ignite
                  | Poison
     0 | D:1      | Reached XP level 1. HP: 13/13 MP: 8/8
    68 | D:1      | Upgraded the game from 0.27-a0-67-g4bfc8a49e1 to
                  | 0.27-a0-75-g9f9dfd16e9
   294 | D:$      | Got out of the dungeon alive.

Illustrated notes

Levels and vault maps discovered:
D:1:      lightli_arrival_lavapool, layout_basic, serial_bayou,
          serial_bayou_pond_d, serial_bayou_pond_d, serial_bayou_lagoon_a,
          serial_bayou_pond_a

Action                   || total
-------------------------++-------
Melee: Dagger            ||    16
       Bite              ||     2
Armor: Robe              ||     9
Dodge: Dodged            ||    13

Table legend: (Time is in decaauts)
 A = Elapsed time spent in this place.
 B = Non-inter-level travel time spent in this place.
 C = Inter-level travel time spent in this place.
 D = Time resting spent in this place.
 E = Time spent auto-exploring this place.
 F = Levels seen in this place.
 G = Mean time per level.
                   A        B        C        D        E       F      G
               +--------+--------+--------+--------+--------+-----+--------+
         Total |    294 |    276 |     18 |    207 |     36 |   1 |  294.0 |
       Dungeon |    294 |    276 |     18 |    207 |     36 |   1 |  294.0 |
               +--------+--------+--------+--------+--------+-----+--------+

Top non-repeatable levels by time:
     D:1: 294 daAuts
